 Dungeon Crawl Stone Soup version 0.28-a0-1080-g05a166d0ed (webtiles) character file.

Game seed: 7238691914160058557

37 enile the Sneak (level 3, 0/32 HPs)
             Began as a Naga Ice Elementalist on Dec 10, 2021.
             Was a Follower of Okawaru.
             Slain by an adder (1 damage)
             ... on level 4 of the Dungeon.
             The game lasted 00:04:10 (1807 turns).

enile the Sneak (Naga Ice Elementalist)             Turns: 1807, Time: 00:04:11

Health: 0/32       AC:  3    Str: 12    XL:     3   Next: 39%
Magic:  4/6        EV: 11    Int: 15    God:    Okawaru [*.....]
Gold:   51         SH:  0    Dex: 11    Spells: 5/6 levels left

rFire   . . .      SeeInvis +   c - +0 dagger (drain)
rCold   . . .      Faith    .   (no shield)
rNeg    . . .      Spirit   .   a - +1 robe
rPois   +          Reflect  .   (no helmet)
rElec   .          Harm     .   (no cloak)
rCorr   .          Rampage  .   (no gloves)
Will    .....                   (no barding)
Stlth   ++++......              (no amulet)
HPRegen 0.10/turn               (no ring)
MPRegen 0.10/turn               (no ring)

@: brilliant, short of breath, weak-willed, heroic, very slow
A: AC +1, large, see invisible, deformed body, poison resistance, slowness 2,
spit poison 1, naga tail 1
a: Spit Poison, Renounce Religion, Heroism


You were on level 4 of the Dungeon.
You worshipped Okawaru.
Okawaru was aware of your devotion.
You visited 1 branch of the dungeon, and saw 3 of its levels.

You collected 51 gold pieces.

Inventory:

Hand Weapons
 c - a +0 dagger of draining (weapon)
Armour
 a - a +1 robe (worn)
 d - a +2 buckler
Scrolls
 b - a scroll of teleportation


   Skills:
 - Level 2.0(7.0) Fighting
 - Level 1.0(6.0) Short Blades
 - Level 1.5(6.5) Dodging
 + Level 4.1(9.1) Stealth
 - Level 2.0 Spellcasting
 - Level 4.0 Ice Magic


You had 5 spell levels left.
You knew the following spells:

 Your Spells              Type           Power      Damage    Failure   Level
a - Freeze                Ice            80%        1d9       4%          1

Your spell library contained the following spells:

 Spells                   Type           Power      Damage    Failure   Level
 Frozen Ramparts          Ice            40%        1d6       13%         3
 Ozocubu's Armour         Ice            20%        N/A       13%         3
 Hailstorm                Conj/Ice       11%        3d5       67%         4


Dungeon Overview and Level Annotations

Branches:
Dungeon (2/15)

Altars:
Okawaru

Shops:
D:2 (


Innate Abilities, Weirdness & Mutations

Your serpentine skin is tough. (AC +1)
You have supernaturally acute eyesight. (SInv)
Armour fits poorly on your strangely shaped body.
Your system is resistant to poisons. (rPois)
You cover ground very slowly.
You can spit poison.
You have a snake-like lower body.


Message History

Confirm with . or Enter, or press ? or * to list all spells.
Aiming: Freeze (safe; 4% risk of failure)
Press: ? - help, Shift-Dir - straight line, f - adder
Aim: an adder (lightly wounded, weak-willed)
You feel a surge of power!
You freeze the adder.
The adder is moderately wounded.
The adder barely misses you.
As you read the scroll labelled DORENAM MOPT, it crumbles to dust.
It is a scroll of identify.
b - 2 scrolls of teleportation The adder bites you.
* * * LOW HITPOINT WARNING * * *
As you read the scroll of teleportation, it crumbles to dust.
You feel strangely unstable. The adder closely misses you.
The adder bites you but does no damage. The adder bites you.
* * * LOW HITPOINT WARNING * * *
Your surroundings suddenly seem different.
Found a shiny buckler.
You see here a +2 buckler.
d - a +2 buckler You start resting.
Magic restored.
You start resting.
An adder is nearby!
The adder hisses angrily.
Aiming: Spit Poison (2% risk of failure)
Press: ? - help, Shift-Dir - straight line, f/p - adder
Aim: an adder (moderately wounded, weak-willed)
The splash of poison hits the adder.
The adder is poisoned.
The adder is moderately wounded.
Okay, then.
You start putting on your armour.
You continue putting on your +2 buckler. x2
The adder bites you.
Keep equipping yourself?
You stop putting on your armour.
* * * LOW HITPOINT WARNING * * *
You gain the combat prowess of a mighty hero.
The adder bites you.
You die...

## .# ##.# #
###@.# ####.
#.S..#
.....###.#.##
#.....#.# ###
##....##.####
.................
##...##..###......
##.....#... .....#
#.........##.....#


You could see an adder (poisoned, weak-willed).

Vanquished Creatures
  An adder (D:2)
  2 dart slugs (D:1)
  A worm (D:2)
  A ball python (D:2)
  2 endoplasms (D:1)
  A giant cockroach (D:2)
  2 goblins
  3 hobgoblins
  2 bats
  2 frilled lizards
  2 kobolds (D:1)
  2 rats
21 creatures vanquished.

Notes
Turn   | Place    | Note
-------+----------+-------------------------------------------
     0 | D:1      | enile the Naga Ice Elementalist began the quest for the
                  | Orb.
     0 | D:1      | Reached XP level 1. HP: 15/15 MP: 3/3
   111 | D:1      | Reached skill level 1 in Fighting
   242 | D:1      | Reached XP level 2. HP: 25/25 MP: 0/5
  1209 | D:2      | Found Rugeapam's Antique Weapon Shop.
  1248 | D:2      | Reached skill level 1 in Short Blades
  1509 | D:2      | Found a faded altar of an unknown god.
  1511 | D:2      | Reached XP level 3. HP: 30/32 MP: 6/6
  1521 | D:2      | Prayed at the altar of an unknown god.
  1521 | D:2      | Became a worshipper of Warmaster Okawaru
  1521 | D:2      | Reached * piety under Okawaru
  1756 | D:2      | You fall into a shaft and drop 2 floors!
  1806 | D:4      | HP: 1/32 [adder (3)]
  1807 | D:4      | Slain by an adder

Illustrated notes

Levels and vault maps discovered:
D:1:      mrwooster_arrival_statue_2, layout_basic
D:2:      layout_basic, serial_shops, shop, ebering_ecumenical_altar_box
D:4:      layout_rooms, temple_green, uniq_blork_the_orc, uniq_natasha

Skill      XL: |  1  2  3 |
---------------+----------+-----
Fighting       | 1 2 |  2.0
Short Blades   | 1 |  1.0
Stealth        | 4 |  4.1
Dodging        | |  1.5
Spellcasting   | |  2.0
Ice Magic      | |  4.0

Action                   || total
-------------------------++-------
Melee: Dagger            ||    39
 Cast: Freeze            ||    10
Invok: Heroism           ||     1
 Abil: Spit Poison       ||     6
  Use: Scroll            ||     4
       Potion            ||     1
 Stab: Sleeping          ||     4
Armor: Robe              ||     7
Dodge: Dodged            ||    26

Table legend: (Time is in decaauts)
 A = Elapsed time spent in this place.
 B = Non-inter-level travel time spent in this place.
 C = Inter-level travel time spent in this place.
 D = Time resting spent in this place.
 E = Time spent auto-exploring this place.
 F = Levels seen in this place.
 G = Mean time per level.
                   A        B        C        D        E       F      G
               +--------+--------+--------+--------+--------+-----+--------+
         Total |   2215 |   2151 |     64 |      6 |   1912 |   3 |  738.3 |
       Dungeon |   2215 |   2151 |     64 |      6 |   1912 |   3 |  738.3 |
               +--------+--------+--------+--------+--------+-----+--------+

Top non-repeatable levels by time:
     D:1: 1539 daAuts
     D:2: 612 daAuts
     D:4: 62 daAuts
